Map: Cyber Forest LE

Players

BOOOOOOOOOoM - Winner!

  • Race: Zerg Zerg
  • League: Master
  • Spawn Location: 11:00

HankHill

  • Race: Zerg Zerg
  • League: Master
  • Spawn Location: 5:00

VOD

Have the link to the VOD?

Description

Time

  • Played on: April 30, 2019, 7:42 a.m.
  • Length: 19:52
Show
View Real Time Build Order
Export as new Build Order

BOOOOOOOOOoM Zerg - Winner!

Build Orders: Pool First 

Get SALT Encoding   

  12  0:00  Drone  
  13  0:22  Spawning Pool  
  13  0:24  Drone  
  13  0:33  Drone  
  14  0:38  Overlord  
  14  0:48  Drone, Extractor  
  15  1:09  Zergling x6  
  18  1:27  Zergling x2  
  18  1:28  Hatchery  
  18  1:31  Queen  
  20  1:35  Zergling x2  
  21  1:50  Drone  
  22  1:56  Spine Crawler  
  22  1:57  Drone  
  22  2:14  Overlord  
  21  2:25  Drone  
  20  2:30  Queen  
  20  2:44  Drone x3  
  20  2:48  Hatchery  
  22  2:55  Zergling x8  
  26  2:59  Zergling x2  
  27  3:10  Zergling x4  
  27  3:12  Zergling x2  
  30  3:17  Zergling x4  
  32  3:23  Drone  
  32  3:24  Drone x2  
  35  3:31  Overlord  
  35  3:34  Zergling x2  
  36  3:41  Overlord  
  36  3:49  Drone x4  
  37  4:00  Drone x4  
  37  4:07  Drone x3  
  37  4:19  Drone x3  
  40  4:32  Zergling x2  
  40  4:33  Zergling x6, Hatchery  
  43  4:42  Zergling x10  
  47  4:51  Zergling x2  
  47  4:52  Zergling x10  
  53  5:01  Zergling x4  
  53  5:11  Drone  
  53  5:12  Drone x3  
  57  5:19  Drone  
  58  5:23  Extractor  
  58  5:24  Extractor  
  58  5:25  Extractor x2  
  58  5:26  Extractor  
  52  5:29  Drone x7  
  57  5:37  Drone  
  56  5:44  Queen  
  56  5:48  Drone x6  
  59  5:58  Drone x5  
  59  6:03  Baneling Nest  
  62  6:13  Zergling x2  
  62  6:14  Overlord  
  62  6:15  Overlord x3  
  62  6:18  Overlord x2  
  62  6:26  Zergling x4  
  62  6:30  Overlord x2  
  65  6:32  Zergling x2  
  65  6:33  Zergling x8  
  65  6:37  Zergling x2  
  70  6:41  Zergling x2  
  70  6:42  Zergling x2  
  70  6:44  Zergling x4  
  74  6:50  Zergling x2  
  75  6:54  Queen  
  75  6:58  Zergling x16  
  75  6:59  Zergling x2  
  86  7:04  Zergling x8  
  86  7:07  Baneling  
  86  7:08  Baneling x18  
  90  7:09  Baneling  
  90  7:10  Baneling x2  
  90  7:11  Baneling x2  
  90  7:15  Overlord  
  90  7:18  Baneling x2  
  90  7:19  Baneling x2  
  85  7:32  Zergling x20  
  84  7:38  Zergling x10  
  84  7:39  Baneling x2  
  84  7:41  Baneling  
  84  7:42  Baneling x2  
  84  7:43  Baneling x2  
  89  7:49  Baneling  
  89  7:50  Baneling x9  
  89  7:56  Baneling x5  
  83  8:12  Baneling  
  79  8:13  Baneling x17  
  79  8:16  Drone x6  
  66  8:43  Zergling x20  
  66  8:44  Zergling x22  
  87  8:49  Drone x3  
  87  8:50  Drone  
  91  9:00  Zergling x16  
  91  9:01  Zergling x2  
  100  9:07  Zergling x2  
  100  9:08  Zergling x2  
  102  9:20  Baneling x21  
  102  9:21  Baneling x7  
  102  9:22  Baneling  
  102  9:28  Drone x5  
  102  9:29  Extractor  
  81  9:49  Zergling x2  
  81  9:50  Zergling x30  
  93  9:54  Baneling  
  93  9:55  Baneling x3  
  93  9:57  Zergling x2  
  93  9:58  Zergling x6  
  97  10:02  Extractor  
  96  10:07  Zergling x2  
  96  10:08  Zergling x10  
  102  10:14  Hatchery  
  102  10:19  Lair  
  99  10:22  Drone  
  99  10:23  Drone x3  
  99  10:24  Drone  
  99  10:28  Baneling x8  
  104  10:29  Baneling x2  
  104  10:30  Baneling x2, Hatchery  
  104  10:31  Baneling x2  
  104  10:32  Baneling  
  104  10:33  Baneling  
  104  10:34  Baneling x2  
  104  10:35  Baneling x2  
  103  10:36  Baneling x2  
  103  10:43  Extractor  
  103  10:44  Drone x3  
  103  10:45  Drone x3  
  103  10:49  Baneling  
  108  10:50  Baneling x9  
  108  10:51  Baneling  
  88  11:31  Zergling x2  
  88  11:32  Zergling x44, Centrifical Hooks  
  102  11:37  Spire  
  101  11:40  Drone x5  
  101  11:46  Zergling x10, Spire  
  110  11:47  Extractor  
  110  11:49  Extractor  
  93  12:06  Zergling x2  
  93  12:07  Zergling x18  
  79  12:18  Drone  
  54  12:48  Mutalisk x12  
  54  12:49  Mutalisk x5  
  81  12:54  Mutalisk  
  83  12:58  Mutalisk  
  83  13:02  Mutalisk  
  83  13:03  Mutalisk  
  83  13:08  Mutalisk x2  
  87  13:20  Mutalisk  
  87  13:30  Mutalisk  
  67  13:34  Drone x3  
  62  13:55  Mutalisk  
  62  13:58  Zergling x2  
  62  13:59  Zergling x12  
  67  14:24  Drone  
  67  14:25  Drone x3  
  51  14:53  Drone x6  
  57  15:05  Drone  
  57  15:06  Drone  
  59  15:18  Drone  
  59  15:19  Drone  
  56  15:30  Drone x2  
  58  15:43  Drone  
  58  15:44  Drone  
  58  15:48  Drone x2  
  62  16:06  Drone x2  
  64  16:11  Drone x2  
  66  16:20  Overseer  
  56  16:35  Mutalisk  
  56  16:36  Mutalisk x3  
  56  16:38  Hatchery  
  49  17:02  Mutalisk  
  44  17:27  Mutalisk  
  39  17:30  Zergling x2  
  39  17:31  Zergling x8  
  42  17:51  Drone  
  43  18:15  Drone x3  
  46  18:21  Drone  
  46  18:22  Drone  
  47  18:35  Mutalisk  
  47  18:53  Mutalisk  
  42  19:18  Mutalisk x2  
  46  19:31  Drone x3  
  47  19:34  Drone  
Show
View Real Time Build Order
Export as new Build Order

HankHill Zerg 

Build Orders: Hatch First 

Get SALT Encoding   

  12  0:00  Drone  
  13  0:12  Overlord  
  13  0:16  Drone  
  14  0:30  Drone x2  
  16  0:48  Hatchery  
  15  0:50  Drone  
  16  1:05  Spawning Pool  
  16  1:08  Drone  
  16  1:11  Drone  
  17  1:22  Drone x2, Extractor  
  18  1:29  Drone  
  19  1:52  Queen  
  19  1:53  Zergling x2  
  22  2:00  Zergling x2  
  23  2:08  Queen  
  23  2:09  Zergling x2  
  26  2:16  Zergling x2  
  24  2:25  Zergling x2  
  19  2:45  Drone x6  
  25  2:56  Drone  
  25  2:58  Drone  
  27  3:03  Overlord  
  27  3:05  Drone  
  28  3:23  Drone x5  
  28  3:24  Drone  
  34  3:29  Drone x2  
  36  3:45  Overlord  
  36  3:46  Lair  
  34  4:01  Zergling x2  
  34  4:02  Zergling x10  
  32  4:15  Evolution Chamber  
  28  4:17  Evolution Chamber  
  27  4:26  Drone x2  
  27  4:30  Drone  
  31  4:31  Drone  
  31  4:32  Roach Warren  
  30  4:40  Drone x2  
  30  4:44  Drone  
  30  4:45  Drone  
  34  4:53  Drone x2  
  34  4:54  Drone  
  34  4:57  Drone  
  34  4:59  Drone  
  39  5:02  Drone  
  39  5:05  Drone  
  40  5:14  Overlord  
  40  5:18  Roach  
  42  5:21  Extractor  
  42  5:22  Queen  
  41  5:30  Roach x2  
  41  5:32  Roach x2  
  47  5:36  Roach  
  47  5:37  Roach  
  51  5:50  Overlord x2  
  51  5:57  Evolution Chamber  
  51  5:59  Drone x2  
  51  6:00  Overlord  
  51  6:01  Glial Reconstitution  
  51  6:03  Zerg Missile Weapons Level 1  
  52  6:13  Queen  
  52  6:14  Queen  
  52  6:17  Drone x3  
  52  6:18  Drone  
  60  6:23  Drone  
  60  6:24  Drone  
  62  6:29  Extractor  
  62  6:30  Drone x3  
  64  6:36  Extractor  
  64  6:37  Overseer  
  63  6:41  Roach x4  
  63  6:46  Baneling Nest  
  70  6:56  Overseer  
  70  6:59  Roach, Overlord x2  
  70  7:00  Roach  
  74  7:17  Zergling x4  
  74  7:18  Zergling x2  
  73  7:37  Roach Warren  
  73  7:42  Baneling  
  73  7:43  Baneling x5  
  70  7:48  Queen x2  
  70  7:50  Overlord x4  
  67  8:18  Roach x3  
  67  8:19  Roach x10  
  93  8:25  Drone x2  
  93  8:26  Drone  
  96  8:27  Evolution Chamber  
  69  8:51  Evolution Chamber  
  69  8:53  Evolution Chamber  
  69  8:55  Roach  
  69  8:56  Roach x8  
  85  9:15  Ravager  
  85  9:16  Ravager  
  87  9:20  Drone x4  
  87  9:22  Drone  
  87  9:23  Drone x2  
  94  9:31  Baneling Nest  
  63  9:49  Roach  
  63  9:50  Roach x5  
  63  9:51  Roach x2  
  63  9:56  Zergling x4  
  63  9:57  Zergling x2  
  66  10:17  Roach  
  66  10:18  Roach x4  
  76  10:23  Baneling x4  
  76  10:24  Zergling x6  
  79  10:33  Zerg Missile Weapons Level 2  
  79  10:46  Zergling x6  
  79  10:47  Baneling  
  79  10:48  Baneling x7  
  82  11:00  Ravager x2  
  82  11:08  Baneling x6  
  82  11:09  Roach x4  
  87  11:31  Roach x7  
  92  11:42  Roach x3  
  94  12:07  Roach x3  
  94  12:08  Roach x3  
  105  12:13  Roach  
  107  12:19  Roach x4  
  115  12:25  Queen  
  117  12:43  Hatchery  
  116  12:53  Queen  
  118  13:09  Roach  
  118  13:10  Roach x2, Overlord x3  
  124  13:20  Spore Crawler  
  124  13:22  Spore Crawler  
  102  13:37  Queen  
  102  13:39  Spore Crawler  
  102  13:41  Spore Crawler  
  83  13:43  Spore Crawler  
  83  13:45  Spore Crawler  
  65  13:51  Spore Crawler  
  53  14:01  Queen  
  53  14:05  Queen  
  55  14:42  Queen x2  
  49  15:18  Queen x2  
  47  15:46  Roach  
  47  15:47  Roach x11  
  71  16:01  Queen  
  73  16:10  Queen  
  65  17:03  Queen x2  
  65  17:05  Roach x6  
  65  17:39  Queen x2  
  61  18:07  Roach  
  61  18:08  Roach x3  
  69  18:15  Queen  
  71  18:24  Roach x2  
  75  18:34  Roach  
  67  19:12  Queen  
  67  19:13  Queen  
Tags
 
Add a new tag
Caveats
  • Supply blocks, unpowered buildings, or Contaminate may cause inaccurate times.
  • Supply counts are checked every 10 seconds.